 Dungeon Crawl Stone Soup version 0.31-a0-662-g684573625c (webtiles) character file.

Game seed: 9214278754891025751

1815 kae the Arsonist (level 9, -6/45 HPs)
             Began as a Tengu Fire Elementalist on Aug 31, 2023.
             Was a Follower of Vehumet.
             Killed from afar by a steam dragon (19 damage)
             ... with a ball of steam
             ... on level 6 of the Dungeon.
             The game lasted 00:07:27 (7807 turns).

kae the Arsonist (Tengu Fire Elementalist)          Turns: 7807, Time: 00:07:27

Health: -6/45      AC:  2    Str:  9    XL:     9   Next: 10%
Magic:  0/16       EV: 16    Int: 20    God:    Vehumet [*.....]
Gold:   687        SH:  0    Dex: 14    Spells: 6/16 levels left

rFire   . . .        w - +7 staff of the Meek {protect, meekguard}
rCold   . . .        (shield currently unavailable)
rNeg    . . .        a - +0 robe
rPois   .            (helmet restricted)
rElec   .            (no cloak)
rCorr   .            (no gloves)
SInv    .            (boots unavailable)
Will    .....        G - amulet of guardian spirit
Stlth   ++           (no ring)
HPRegen 0.27/turn    (no ring)
MPRegen 0.15/turn

%: acrobat, guardian spirit
@: flying
A: beak, talons 3, evasive flight, acrobatic
a: Renounce Religion


You were on level 6 of the Dungeon.
You worshipped Vehumet.
Vehumet was aware of your devotion.
You visited 2 branches of the dungeon, and saw 7 of its levels.
You also visited: Sewer.

You collected 687 gold pieces.


Innate Abilities, Weirdness & Mutations

You have a beak for a mouth.
You have claws for feet.
Your magical flight helps you evade attacks. (EV +4)
You can magically evade attacks while moving or waiting.


   Skills:
 - Level 2.1 Dodging
 - Level 2.0 Stealth
 - Level 4.0 Spellcasting
 - Level 5.0 Conjurations
 - Level 5.0 Hexes
 + Level 9.0 Fire Magic


You had 6 spell levels left.
You knew the following spells:

 Your Spells              Type           Power      Damage    Failure   Level
a - Foxfire               Conj/Fire      100%       2x1d9     1%          1
b - Scorch                Fire           80%        2d8       1%          2
c - Inner Flame           Hex/Fire       32%        N/A       2%          3
d - Flame Wave            Conj/Fire      32%        2d9       7%          4

Your spell library contained the following spells:

 Spells                   Type           Power      Damage    Failure   Level
 Freeze                   Ice            16%        1d4       13%         1
 Volatile Blastmotes      Fire/Tloc      44%        2d13      6%          3
 Momentum Strike          Conj/Tloc      28%        3d8       7%          2
 Summon Small Mammal      Summ           16%        N/A       13%         1
 Summon Guardian Golem    Hex/Summ       14%        N/A       14%         3
 Blink                    Tloc           8%         N/A       19%         2
 Lesser Beckoning         Tloc           8%         N/A       19%         2
 Call Canine Familiar     Summ           4%         N/A       36%         3
 Conjure Ball Lightning   Conj/Air       7%         3x3d6     100%        6
 Discord                  Hex            12%        N/A       100%        8
 Disjunction              Tloc           2%         N/A       100%        8

Inventory:

Hand Weapons
 w - the +7 staff of the Meek (weapon) {protect, meekguard}
   (You found it on level 5 of the Dungeon)
Missiles
 c - 2 atropa-tipped darts
 d - 62 stones
 f - 7 boomerangs
 l - 2 javelins
Armour
 a - a +0 robe (worn)
Jewellery
 G - an amulet of guardian spirit (around neck)
   (You found it on level 3 of the Dungeon)
Wands
 s - a wand of mindburst (8)
   (You took it off Ijyb on level 5 of the Dungeon)
 u - a wand of digging (4)
   (You found it on level 5 of the Dungeon)
Scrolls
 e - a scroll of enchant weapon
 h - a scroll of teleportation {@r4}
 t - 2 scrolls of vulnerability {unknown}
 v - a scroll of brand weapon
 x - a scroll of identify {@r1}
Potions
 b - a potion of magic
 g - 3 potions of mutation {unknown}
 i - a potion of cancellation {unknown}
 j - 3 potions of heal wounds {unknown}
 k - 2 potions of degeneration {unknown}
 m - 2 potions of enlightenment {unknown}
 n - 2 potions of ambrosia {unknown}
 o - a potion of might
 p - a potion of brilliance {unknown}
 q - 6 potions of curing {unknown}
 r - a potion of haste {unknown}

Dungeon Overview and Level Annotations

Branches:
Dungeon (6/15) Zot: 26480  Temple (1/1) D:4 Zot: 5963   Sewer (visited)

Altars:
Ashenzari
Cheibriados
Elyvilon
Fedhas
Gozag
Hepliaklqana
Kikubaaqudgha
Makhleb
Nemelex Xobeh
Okawaru
Qazlal
Ru
Trog
Uskayaw
Vehumet
Xom
Yredelemnul
Zin
The Shining One

Annotations:
D:6 3 runed translucent doors, exclusion: gnoll sergeant, Nebesus's ghost, novice NaVM

#<# #.# #.# #.# #.#
#.# #.# ..# ##.## ###
#...# #.ยง.# ##...##
#[.@..# ##.#D#.#
###..#S# .#
####...##5# ..
#.######....###S5. ..
#........#### .โŒ .
##
########....###...###
# #######...##.##.. #
#.....###..#)#..


You could see a steam dragon (catching breath, combustible), 2 adders, a white
imp and an ufetubus.


Message History

You conjure some foxfire!
The gnoll sergeant is no longer more vulnerable to fire.
The foxfire hits the gnoll sergeant.
Flame seeps out of the gnoll sergeant.
The foxfire hits the gnoll sergeant!
Flame seeps out of the gnoll sergeant.
The gnoll sergeant is engulfed in blazing flames.
Vehumet accepts your kill.
The gnoll sergeant explodes!
Your Fire Magic skill increases to level 9! ๐Ÿ˜ฎ HP[+1] MP[-1]
You lost 1 mp, and now have 2/16 mp.
Casting: Foxfire (safe; 1% risk of failure)
Confirm with . or Enter, or press ? or * to list all spells.
You conjure some foxfire!
Unknown command.
You start resting. ๐Ÿ˜• HP[+14] MP[+7]
You regained 14 hp, and now have 38/45 hp.
You regained 7 mp, and now have 9/16 mp.
Unknown command.
Things that are here:
a +1 heavy spear; a +0 ring mail; ๐Ÿ˜Ž HP[+7] MP[+4]
Your hp is fully restored (45).
You regained 4 mp, and now have 13/16 mp.
You reach down and open the door.
There is an open door here.
There is a fountain of clear blue water here.
q - 6 coppery potions (gained 1)
There is a fountain of clear blue water here.
There is an open door here.
Key pressed, stopping explore.
Unknown command. ๐Ÿ˜Ž MP[+3]
Your mp is fully restored (16).
You see here an adder corpse.
Key pressed, stopping explore.
You see here a +0 robe.
An ufetubus comes into view.
An ufetubus is nearby!
An ufetubus is nearby!
An ufetubus is nearby!
A steam dragon, a white imp and an adder come into view.
The steam dragon hisses angrily.
The adder hisses angrily.
The ufetubus shouts!
An adder comes into view.
The adder hisses angrily.
Casting: Foxfire (safe; 1% risk of failure)
Confirm with . or Enter, or press ? or * to list all spells.
You conjure some foxfire!
The steam dragon misses you. x2 ๐Ÿ˜Ž MP[-1]
You lost 1 mp, and now have 15/16 mp.
Casting: Foxfire (safe; 1% risk of failure)
Confirm with . or Enter, or press ? or * to list all spells.
You conjure some foxfire!
The steam dragon breathes steam at you. The ball of steam hits you!
The ball of steam hits your foxfire.
Your foxfire resists.
You are engulfed in a cloud of scalding steam.
The steam dragon closely misses you. x2 ๐Ÿ˜ฎ HP[-15] MP[-7]
You take 15 damage, and now have 30/45 hp.
MASSIVE DAMAGE!! (PAUSE)
You lost 7 mp, and now have 8/16 mp.
You are engulfed in a cloud of scalding steam.
The steam dragon attacks as it pursues you!
The steam dragon bites you.
* * * LOW HITPOINT WARNING * * *
The steam dragon closely misses you. ๐Ÿ˜จ HP[-8] MP[-2]
You take 8 damage, and now have 22/45 hp.
You lost 2 mp, and now have 6/16 mp.
Casting: Foxfire (safe; 1% risk of failure)
Confirm with . or Enter, or press ? or * to list all spells.
Flames lash the steam dragon.
The steam dragon's fire resistance burns away.
You are engulfed in a cloud of scalding steam.
* * * LOW HITPOINT WARNING * * *
The steam dragon completely misses you. The steam dragon barely misses you.
The steam dragon completely misses you.
The steam dragon misses you. ๐Ÿ˜จ HP[-9] MP[-2]
You take 9 damage, and now have 13/45 hp.
You lost 2 mp, and now have 4/16 mp.
Unknown command.
Okay, then.
Casting: Scorch (safe; 1% risk of failure)
Confirm with . or Enter, or press ? or * to list all spells.
Okay, then.
Casting: Scorch (safe; 1% risk of failure)
Confirm with . or Enter, or press ? or * to list all spells.
Okay, then.
Casting: Scorch (safe; 1% risk of failure)
Confirm with . or Enter, or press ? or * to list all spells.
Casting: Flame Wave (dangerous; 7% risk of failure)
Press: ? - help, Dir - look around, f - activate A wave of flame ripples out!
The flame wave engulfs the steam dragon!
The steam dragon is burned terribly! (Press . to intensify the flame waves.)
The steam dragon breathes steam at you. The ball of steam hits you!!
You die...

Skill      XL: |  1  2  3  4  5  6  7  8  9 |
---------------+----------------------------+-----
Conjurations   | 2 3 4 5 |  5.0
Fire Magic     | 4 5 8 9 |  9.0
Spellcasting   | 3 4 |  4.0
Hexes          | 1 4 5 |  5.0
Dodging        | |  2.1
Stealth        | |  2.0

Action                     |  1- 3 |  4- 6 |  7- 9 || total
---------------------------+-------+-------+-------++-------
  Melee: Unarmed           |    11 |    10 |     2 ||    23
         Peck              |     3 |     2 |       ||     5
         Kick              |     5 |     2 |     2 ||     9
   Cast: Foxfire           |    71 |   109 |   108 ||   288
         Scorch            |     1 |     6 |    36 ||    43
         Inner Flame       |       |       |     9 ||     9
         Flame Wave        |       |       |     1 ||     1
    Use: Scroll            |       |     9 |     2 ||    11
   Stab: Sleeping          |       |     1 |       ||     1
 Armour: Robe              |    18 |    25 |    41 ||    84
  Dodge: Dodged            |    53 |    45 |   108 ||   206

Levels and vault maps discovered:
D:1:      saegor_arrival_simple_e, layout_basic, minmay_quantized
D:2:      layout_loops_corners, minmay_split_cup_large
D:3:      layout_loops_corners, dreamdust_ecumenical_altar_hidden_monk_grotto,
          gup_sewer_entry_spiral
D:4:      layout_cave_pools, mainiacjoe_overflow_six_doors_small,
          minmay_temple_entry_sparse_star
D:5:      minmay_polygon_palace, layout_loops_ring, pf_guarded_unrand_meek,
          uniq_ijyb
D:6:      minmay_general_purpose_star, layout_basic, jmf_multi_god_temple,
          gammafunk_ghost_nasty_kobolds
Temple:   eino_temple_rhombus

Notes
Turn   | Place    | Note
-------+----------+-------------------------------------------
     0 | D:1      | kae the Tengu Fire Elementalist began the quest for the
                  | Orb.
     0 | D:1      | Reached XP level 1. HP: 10/10 MP: 4/4
     0 | D:1      | magus.rc [v1.11.3]
   251 | D:1      | Reached XP level 2. HP: 15/15 MP: 4/6
   297 | D:1      | Reached skill level 2 in Conjurations
   679 | D:1      | Reached XP level 3. HP: 19/19 MP: 5/7
   763 | D:1      | Reached skill level 4 in Fire Magic
  1190 | D:2      | Learned a level 2 spell: Scorch
  1194 | D:2      | Learned a level 3 spell: Inner Flame
  1806 | D:2      | You pick up a book of Chaos and begin reading...
  1806 | D:2      | You add the spells Conjure Ball Lightning, Disjunction and
                  | Discord to your library.
  1831 | D:2      | Reached XP level 4. HP: 22/24 MP: 3/8
  2496 | D:3      | Reached skill level 3 in Conjurations
  2544 | D:3      | Reached XP level 5. HP: 11/28 MP: 5/10
  2571 | D:3      | Found a glowing drain.
  2575 | Sewer    | Entered a sewer
  2580 | Sewer    | Reached skill level 5 in Fire Magic
  2668 | Sewer    | Reached skill level 3 in Spellcasting
  3212 | D:3      | You pick up a book of Spatial Translocations and begin
                  | reading...
  3212 | D:3      | You add the spells Blink, Momentum Strike and Lesser
                  | Beckoning to your library.
  3576 | D:3      | Found a faded altar of an unknown god.
  3621 | D:4      | Found a staircase to the Ecumenical Temple.
  3635 | D:4      | Reached skill level 4 in Conjurations
  3635 | D:4      | Reached XP level 6. HP: 13/32 MP: 2/12
  3805 | D:4      | Found an ancient bone altar of Kikubaaqudgha.
  3816 | D:4      | You pick up a book of Callings and begin reading...
  3816 | D:4      | You add the spells Summon Small Mammal, Call Canine
                  | Familiar and Summon Guardian Golem to your library.
  3905 | D:4      | Reached skill level 4 in Spellcasting
  3905 | D:4      | Reached skill level 5 in Conjurations
  4018 | D:4      | Reached skill level 1 in Hexes
  4078 | D:4      | Gained mutation: Your magical flight helps you evade
                  | attacks. (EV +4) [Tengu growth]
  4078 | D:4      | Reached XP level 7. HP: 34/36 MP: 1/14
  4187 | D:4      | Reached skill level 2 in Hexes
  4308 | Temple   | Entered the Ecumenical Temple
  4328 | Temple   | Became a worshipper of Vehumet
  4848 | D:5      | Entered Level 5 of the Dungeon
  4875 | D:5      | Noticed Ijyb
  4892 | D:5      | Killed Ijyb
  4893 | D:5      | Reached skill level 3 in Hexes
  5869 | D:5      | Reached skill level 4 in Hexes
  5963 | D:5      | Reached XP level 8. HP: 41/41 MP: 9/15
  6096 | D:5      | Reached skill level 5 in Hexes
  6281 | D:5      | Reached skill level 6 in Fire Magic
  6617 | D:5      | Reached * piety under Vehumet
  6617 | D:5      | Offered knowledge of Freeze by Vehumet.
  6618 | D:5      | Reached skill level 7 in Fire Magic
  6684 | D:5      | HP: 7/41 [ogre/+0 giant spiked club (23)]
  6824 | D:5      | Reached skill level 8 in Fire Magic
  6946 | D:5      | Reached XP level 9. HP: 45/45 MP: 12/16
  7192 | D:5      | Found the +7 staff of the Meek {protect, meekguard}
  7436 | D:6      | Noticed Nebesus's ghost (novice NaVM)
  7437 | D:6      | Found a runed translucent gate.
  7437 | D:6      | Found a runed translucent gate.
  7437 | D:6      | Found a runed translucent gate.
  7437 | D:6      | Noticed a kobold demonologist
  7481 | D:6      | Found a glowing golden altar of the Shining One.
  7481 | D:6      | Found a shimmering altar of Xom.
  7487 | D:6      | Learned a level 4 spell: Flame Wave
  7566 | D:6      | Reached skill level 9 in Fire Magic
  7807 | D:6      | Killed from afar by a steam dragon

Vanquished Creatures
  A black bear (D:5)
  A sky beast (D:5)
  3 ogres (D:5)
  A centaur (D:5)
  2 phantoms
  6 scorpions
  2 gnoll sergeants
  4 hounds
  A jelly (D:5)
  4 orc priests
  2 iguanas (D:5)
  An orc wizard (D:6)
  A hell rat (Sewer)
  Ijyb (D:5)
  5 gnolls
  8 adders
  2 river rats
  A shadow imp (D:5)
  3 worms
  5 dart slugs
  14 orcs
  4 ball pythons
  5 endoplasms
  5 giant cockroaches
  10 hobgoblins
  10 jackals
  5 kobolds
  5 quokkas
  5 bats
  4 frilled lizards
  12 goblins
  13 rats
146 creatures vanquished.

Vanquished Creatures (collateral kills)
  2 foxfires (D:2)
2 creatures vanquished.

Vanquished Creatures (others)
  486 foxfires
486 creatures vanquished.

Grand Total: 634 creatures vanquished

Table legend:
 A = Non-vault XP
 B = Vault XP
 C = Vault XP percentage of total XP
 D = Non-vault monster count
 E = Vault monster count
 F = Vault count percentage of total count
                 A         B        C        D         E       F
            +---------+---------+-------+---------+---------+-------
      Total |     947 |    1646 |  63.5 |      92 |      54 |  37.0
            +---------+---------+-------+---------+---------+-------
        D:1 |      43 |       8 |  15.7 |      25 |       4 |  13.8
        D:2 |      31 |      17 |  35.4 |      15 |       4 |  21.1
        D:3 |      72 |      32 |  30.8 |      22 |       5 |  18.5
        D:4 |     525 |       0 |   0.0 |      24 |       0 |   0.0
        D:5 |     263 |    1418 |  84.4 |       5 |      31 |  86.1
        D:6 |      13 |     118 |  90.1 |       1 |       2 |  66.7
      Sewer |       0 |      53 | 100.0 |       0 |       8 | 100.0
            +---------+---------+-------+---------+---------+-------

Skill      XL: |  1  2  3  4  5  6  7  8  9 |
---------------+----------------------------+-----
Conjurations   | 2 3 4 5 |  5.0
Fire Magic     | 4 5 8 9 |  9.0
Spellcasting   | 3 4 |  4.0
Hexes          | 1 4 5 |  5.0
Dodging        | |  2.1
Stealth        | |  2.0

Action                     |  1- 3 |  4- 6 |  7- 9 || total
---------------------------+-------+-------+-------++-------
  Melee: Unarmed           |    11 |    10 |     2 ||    23
         Peck              |     3 |     2 |       ||     5
         Kick              |     5 |     2 |     2 ||     9
   Cast: Foxfire           |    71 |   109 |   108 ||   288
         Scorch            |     1 |     6 |    36 ||    43
         Inner Flame       |       |       |     9 ||     9
         Flame Wave        |       |       |     1 ||     1
    Use: Scroll            |       |     9 |     2 ||    11
   Stab: Sleeping          |       |     1 |       ||     1
 Armour: Robe              |    18 |    25 |    41 ||    84
  Dodge: Dodged            |    53 |    45 |   108 ||   206

Illustrated notes

Table legend:
 A = Kills in this place as a percentage of kills in the entire game.
 B = Kills by you in this place as a percentage of kills by you in the entire game.
 C = Kills by friends in this place as a percentage of kills by friends in the entire game.
 D = Other kills in this place as a percentage of other kills in the entire game.
 E = Experience gained in this place as a percentage of experience gained in the entire game.
 F = Experience gained in this place divided by the number of levels of this place that you have seen.
                   A       B       C       D       E      F
               +-------+-------+-------+-------+-------+----------------------
         Total | 100.0 | 100.0 |   N/A |   N/A | 100.0 | 324.1
       Dungeon |  94.5 |  94.5 |   N/A |   N/A |  98.0 | 423.3
         Sewer |   5.5 |   5.5 |   N/A |   N/A |   2.0 |  53.0
               +-------+-------+-------+-------+-------+----------------------

Table legend: (Time is in decaauts)
 A = Elapsed time spent in this place.
 B = Non-inter-level travel time spent in this place.
 C = Inter-level travel time spent in this place.
 D = Time resting spent in this place.
 E = Time spent auto-exploring this place.
 F = Levels seen in this place.
 G = Mean time per level.
                   A        B        C        D        E       F      G
               +--------+--------+--------+--------+--------+-----+--------+
         Total |   7865 |   7631 |    234 |    441 |   5892 |   8 |  983.1 |
       Dungeon |   7662 |   7459 |    203 |    441 |   5777 |   6 | 1277.0 |
        Temple |     36 |      5 |     31 |      0 |      4 |   1 |   36.0 |
         Sewer |    165 |    165 |      0 |      0 |    111 |   1 |  165.0 |
               +--------+--------+--------+--------+--------+-----+--------+

Top non-repeatable levels by time:
     D:5: 2427 daAuts
     D:3: 1375 daAuts
     D:1: 1186 daAuts
     D:4: 1101 daAuts
     D:2: 1074 daAuts
     D:6: 497 daAuts
   Sewer: 165 daAuts
  Temple: 36 daAuts
